 Dungeon Sprint DCSS version 0.24-a0-537-g2d01d4a (webtiles) character file.

Game seed: 6880619686164451361

56 DUSTMIGHTY the Poker (level 3, -6/38 HPs)
             Began as a Minotaur Berserker on Aug 15, 2019.
             Was a Believer of Trog.
             Mangled by an ogre
             ... wielding a +0 giant club
              (21 damage)
             ... in the Dungeon (Sprint IX: "|||||||||||||||||||||||||||||").
             The game lasted 00:00:14 (24 turns).

DUSTMIGHTY the Poker (Minotaur Berserker)             Turns: 24, Time: 00:00:15

Health: -6/38      AC:  2    Str: 22    XL:     3   Next: 69%
Magic:  2/2        EV: 13    Int:  4    God:    Trog [**....]
Gold:   0          SH:  0    Dex:  9    Spells: 2/2 levels left

rFire    . . .     SeeInvis .   a - +0 spear
rCold    . . .     Gourm    .   (no shield)
rNeg     . . .     Faith    .   b - +0 animal skin
rPois    .         Spirit   .   (helmet restricted)
rElec    .         Reflect  .   (no cloak)
rCorr    .         Harm     .   (no gloves)
MR       .....     NoTele   +   (no boots)
Stlth    +.........             (no amulet)
HPRegen  0.12/turn              (no ring)
MPRegen  0.08/turn              (no ring)

@: no status effects
A: retaliatory headbutt, horns 2
a: Berserk, Trog's Hand, Renounce Religion


You were in the Dungeon.
You worshipped Trog.
Trog was pleased with you.
You were not hungry.

You visited 1 branch

Inventory:

Hand Weapons
 a - a +0 spear (weapon)
Armour
 b - a +0 animal skin (worn)
Scrolls
 i - a scroll of blinking
Potions
 d - a potion of curing
 e - a potion of heal wounds
 f - a potion of haste
 g - 2 potions of magic
 h - a potion of berserk rage
Comestibles
 c - a ration


   Skills:
 + Level 6.5 Fighting
 + Level 6.7 Polearms
 + Level 3.5 Armour
 + Level 3.3 Dodging


You had 2 spell levels left.
You didn't know any spells.
Your spell library was empty.

Dungeon Overview and Level Annotations

Branches:
Dungeon (1/1)

Altars:


Innate Abilities, Weirdness & Mutations

You reflexively headbutt those who attack you in melee.
You have a pair of horns on your head.


Message History

The scorpion barely misses you.
You hit the scorpion. You headbutt the scorpion!
You kill the scorpion!
Trog accepts your kill.
Your Fighting skill gained 2 levels and is now at level 6!
Your Polearms skill gained 2 levels and is now at level 6!
Your Armour skill increases to level 3!
Your Dodging skill increases to level 3!
You have reached level 2!
You have reached level 3!
Your experience leads to an increase in your attributes!
Increase (S)trength, (I)ntelligence, or (D)exterity?
You feel stronger.
You puncture the ogre! You headbutt the ogre.
The ogre is heavily wounded.
You barely miss the ogre.
The ogre is heavily wounded.
The ogre hits you with a +0 giant club!!
Ouch! That really hurt!
You die...

▓+▓
▓Z▓
▓.▓
▓S▓
▓Z▓
▓O▓
▓@▓
▓.▓
▓.▓
▓.▓
▓.▓
▓.▓
▓'▓
▓.▓
▓.▓


You could see an ogre, a quokka zombie, a giant cockroach zombie and a ball
python.

Vanquished Creatures
  A scorpion (D)
  A dart slug (D)
  A goblin (D)
  A hobgoblin (D)
  2 rats (D)
6 creatures vanquished.

Notes
Turn   | Place    | Note
-------+----------+-------------------------------------------
     0 | D        | DUSTMIGHTY the Minotaur Berserker began the quest for the
                  | Orb.
     0 | D        | Reached XP level 1. HP: 19/19 MP: 0/0
    11 | D        | Reached ** piety under Trog
    19 | D        | Noticed an ogre
    19 | D        | Noticed a scorpion
    22 | D        | Killed a scorpion
    22 | D        | Reached XP level 2. HP: 12/31 MP: 1/1
    22 | D        | Reached XP level 3. HP: 15/38 MP: 2/2
    24 | D        | Mangled by an ogre

Levels and vault maps discovered:
D:        linesprint [early_d, line_temple, items_1, d_10, items_2, lair_1,
          lair_end, items_3, orc_1, orc_end, items_4, d_15, swamp_1, shoals_1,
          snake_1, spider_1, d_20, vaults_1, items_5, swamp_end, shoals_end,
          snake_end, spider_end, vaults_end, d_27, items_6, zot_1, zot_end,
          crypt_end, forest_end, elf_end, slime_end, tomb_end, abyss_end,
          pan_hell_end]

Skill      XL: |  1 |
---------------+----+-----
Fighting       | 6 |  6.5
Polearms       | 6 |  6.7
Armour         | 3 |  3.5
Dodging        | 3 |  3.3

Action                   || total
-------------------------++-------
Melee: Spear             ||    13
       Headbutt          ||     4
Armor: Animal skin       ||     1
Dodge: Dodged            ||     6

Table legend:
 A = Non-vault XP
 B = Vault XP
 C = Vault XP percentage of total XP
 D = Non-vault monster count
 E = Vault monster count
 F = Vault count percentage of total count
                 A         B        C        D         E       F
            +---------+---------+-------+---------+---------+-------
      Total |       0 |      80 | 100.0 |       0 |       6 | 100.0
            +---------+---------+-------+---------+---------+-------
          D |       0 |      80 | 100.0 |       0 |       6 | 100.0
            +---------+---------+-------+---------+---------+-------
